 Dungeon Crawl Stone Soup version 0.21.0-24-g2553a33 (webtiles) character file.

7221 Mgcat the Severer (level 11, -10/62 HPs)
             Began as a Tengu Berserker on Jan 20, 2018.
             Was an Elder of Trog.
             Mangled by a yak (18 damage)
             ... on level 9 of the Dungeon.
             The game lasted 00:28:01 (9859 turns).

Mgcat the Severer (Tengu Berserker)                 Turns: 9859, Time: 00:28:01

Health: -10/62     AC: -5    Str: 18    XL:     11   Next: 11%
Magic:  12/12      EV: 12    Int:  7    God:    Trog [****..]
Gold:   397        SH:  0    Dex: 17    Spells: 10/10 levels left

rFire    . . .     SeeInvis +   L - +0 battleaxe
rCold    . . .     Gourm    .   (shield currently unavailable)
rNeg     . . .     Faith    .   p - +1 ring mail
rPois    .         Spirit   .   (helmet restricted)
rElec    .         Reflect  .   (no cloak)
rCorr    .         Harm     .   (no gloves)
MR       .....                  (boots unavailable)
Stlth    +.........             (no amulet)
HPRegen  0.20/turn              r - ring of see invisible
MPRegen  0.13/turn              M - ring of flight

@: corroded, berserk cooldown, slowed, very slow
A: beak, talons 3, able to fly 1
a: Fly, Berserk, Trog's Hand, Brothers in Arms, Burn Spellbooks, Renounce
Religion, Evoke Flight


You were on level 9 of the Dungeon.
You worshipped Trog.
Trog was greatly pleased with you.
You were hungry.

You visited 2 branches of the dungeon, and saw 10 of its levels.
You also visited: Ossuary.

You collected 481 gold pieces.
You spent 84 gold pieces at shops.

Inventory:

Hand Weapons
 a - a +0 hand axe
 s - a +1 vampiric hand axe
 K - a +1 antimagic war axe
 L - a +0 battleaxe (weapon)
 N - a +2 scimitar of flaming
Armour
 b - a +0 animal skin
 p - a +1 ring mail (worn)
 G - a +0 plate armour
 H - a +1 leather armour of positive energy
 I - a +0 buckler
Jewellery
 r - a ring of see invisible (left hand)
 A - a +5 ring of intelligence
 M - a ring of flight (right hand)
Wands
 l - a wand of disintegration (34)
 v - a wand of random effects (25)
 y - a wand of polymorph (4)
 E - a wand of enslavement (10)
 J - a wand of acid (12)
Scrolls
 f - 2 scrolls of fog
 j - 5 scrolls of remove curse
 m - a scroll of noise
 n - 3 scrolls of fear
 o - 2 scrolls of enchant armour
 q - 10 scrolls of identify
 t - 3 scrolls of magic mapping
 u - 3 scrolls of teleportation {unknown}
 D - 3 scrolls of amnesia {unknown}
Potions
 e - 2 potions of agility
 g - 7 potions of curing
 h - 2 potions of degeneration {unknown}
 i - 3 potions of flight {unknown}
 k - a potion of mutation {unknown}
 w - 2 potions of invisibility {unknown}
 x - 2 potions of resistance
 z - a potion of lignification {unknown}
 B - 3 potions of magic {unknown}
 C - a potion of might {unknown}
 F - a potion of haste {unknown}
Comestibles
 c - 9 rations
 d - 3 chunks of flesh


   Skills:
 + Level 4.5 Fighting
 + Level 15.7 Axes
 + Level 4.3 Armour
 - Level 2.3 Dodging
 - Level 5.3 Shields


You had 10 spell levels left.
You didn't know any spells.

Dungeon Overview and Level Annotations

Branches:
Dungeon (9/15)             Temple (1/1) D:4            Lair (0/6) D:8
    Orc: D:9-12

Altars:
Ashenzari
Cheibriados
Dithmenos
Elyvilon
Fedhas
Gozag
Hepliaklqana
Kikubaaqudgha
Makhleb
Nemelex Xobeh
Okawaru
Qazlal
Ru
Sif Muna
Trog
Uskayaw
Vehumet
Wu Jian
Xom
Yredelemnul
Zin
The Shining One

Shops:
D:8 *=}

Annotations:
D:3 1 runed door


Innate Abilities, Weirdness & Mutations

You have a beak for a mouth.
You have claws for feet.
You can fly.


Message History

The yak gores you.
You slash the yak! You claw the yak, but do no damage.
The yak is heavily wounded.
You hit the yak but do no damage. You peck the yak.
The yak is heavily wounded.
The yak gores you.
You slash the yak!
The yak is almost dead.
You are no longer berserk.
You are exhausted.
You feel yourself slow down. The yak gores you!
* * * LOW HITPOINT WARNING * * *
You hit the yak but do no damage. You peck the yak, but do no damage.
The yak is almost dead.
The yak barely misses you.
You hit the yak. You claw the yak, but do no damage.
You peck the yak, but do no damage.
The yak is almost dead.
The yak gores you!!
You die...

#..##+##.#+##...#
##........#......#
#.........#......##
#..#####..'........
#..# .##.......
##.# #....... #.#
#....)## #.#
#.....'. #@#
+.....'. #Y.......
#.....#. #........
#.....#. #........
#######. #........
....... .........
....... ......?..
....... #########
....... #......


You could see a yak.

Vanquished Creatures
  Erica (D:9)
  2 two-headed ogres (D:8)
  Grinder (D:6)
  4 yaks (D:9)
  Sigmund (D:2)
  The ghost of SedStubbie the Skirmisher, an amateur DsAK of Lugonu (D:3)
  Menkaure (D:4)
  A water moccasin (D:8)
  2 porcupines (D:8)
  An ice beast (D:5)
  A sky beast (D:6)
  A black bear (D:8)
  2 orc warriors
  3 phantoms
  9 ogres
  A centaur (D:6)
  A crocodile (D:7)
  A wyvern zombie (D:9)
  3 bullfrogs
  A water moccasin skeleton (D:5)
  5 scorpions
  A howler monkey (D:5)
  7 crimson imps
  2 jellies
  2 centaur skeletons
  6 orc priests
  A centaur zombie (D:7)
  2 bullfrog skeletons
  2 hounds
  5 orc wizards
  5 iguanas
  6 worker ants
  6 big kobold zombies (Ossuary)
  2 hound skeletons
  A mummy (Ossuary)
  18 gnolls
  5 adders
  2 shadow imps (D:8)
  An ooze (D:7)
  6 worms
  2 dart slugs
  A leopard gecko (D:5)
  29 orcs
  3 spectral bats (Ossuary)
  2 ball pythons (D:3)
  8 giant cockroaches
  6 gnoll zombies (Ossuary)
  8 goblins
  8 hobgoblins
  7 jackals
  11 kobolds
  A quokka (D:5)
  4 bats
  4 bat simulacra (Ossuary)
  4 frilled lizards
  A goblin simulacrum (Ossuary)
  3 goblin zombies (Ossuary)
  6 hobgoblin zombies (Ossuary)
  A jackal zombie (D:8)
  4 kobold zombies (Ossuary)
  2 leopard gecko skeletons
  5 orc zombies (Ossuary)
  A quokka skeleton (D:8)
  9 rats
  3 rat simulacra (Ossuary)
  A spectral goblin (Ossuary)
  3 spectral kobolds (Ossuary)
  6 spectral rats (Ossuary)
266 creatures vanquished.

Vanquished Creatures (others)
  7 fungi (D:8)
  2 plants (D:8)
9 creatures vanquished.

Grand Total: 275 creatures vanquished

Notes
Turn   | Place    | Note
-------+----------+-------------------------------------------
     0 | D:1      | Mgcat the Tengu Berserker began the quest for the Orb.
     0 | D:1      | Reached XP level 1. HP: 14/14 MP: 2/2
   267 | D:1      | Reached XP level 2. HP: 19/19 MP: 3/3
   571 | D:1      | Reached skill level 4 in Axes
   892 | D:1      | Reached XP level 3. HP: 23/23 MP: 4/4
  1163 | D:1      | Reached ** piety under Trog
  1583 | D:2      | Noticed Sigmund
  1603 | D:2      | Killed Sigmund
  1603 | D:2      | Reached skill level 6 in Axes
  1603 | D:2      | Reached XP level 4. HP: 22/28 MP: 5/5
  1603 | D:2      | Gained mutation: You can fly. [Tengu growth]
  1603 | D:2      | Reached XP level 5. HP: 25/32 MP: 6/6
  2431 | D:3      | Noticed SedStubbie's ghost (amateur DsAK)
  2447 | D:3      | Killed SedStubbie's ghost
  2447 | D:3      | Reached skill level 7 in Axes
  2447 | D:3      | Reached XP level 6. HP: 35/37 MP: 7/7
  2733 | D:3      | Found a runed door.
  2812 | D:3      | Noticed an orc warrior
  2822 | D:3      | Killed an orc warrior
  2822 | D:3      | Reached skill level 8 in Axes
  2822 | D:3      | Reached XP level 7. HP: 41/41 MP: 8/8
  3078 | D:3      | Found a shimmering altar of Xom.
  3200 | D:3      | Reached *** piety under Trog
  3216 | D:3      | Reached skill level 9 in Axes
  4034 | D:4      | Found a staircase to the Ecumenical Temple.
  4058 | Temple   | Entered the Ecumenical Temple
  4187 | D:4      | Reached XP level 8. HP: 46/46 MP: 9/9
  4207 | D:4      | Noticed Menkaure
  4219 | D:4      | Reached skill level 10 in Axes
  4224 | D:4      | Killed Menkaure
  4514 | D:4      | You fall through a shaft for 2 floors!
  4780 | D:5      | Entered Level 5 of the Dungeon
  4786 | D:5      | Reached skill level 11 in Axes
  4868 | D:5      | Found a sand-covered staircase.
  4879 | Ossuary  | Entered an ossuary
  4918 | Ossuary  | Reached **** piety under Trog
  5652 | D:5      | Reached ***** piety under Trog
  5652 | D:5      | Reached skill level 12 in Axes
  5830 | D:5      | Reached XP level 9. HP: 50/50 MP: 10/10
  5842 | D:5      | Found a stormy altar of Qazlal.
  6799 | D:6      | Noticed Grinder
  6817 | D:6      | Killed Grinder
  6890 | D:6      | You fall through a shaft!
  6897 | D:7      | Reached skill level 13 in Axes
  7077 | D:7      | Received a gift from Trog
  7496 | D:6      | Reached skill level 14 in Axes
  7818 | D:7      | Reached skill level 1 in Shields
  7824 | D:7      | Reached XP level 10. HP: 41/56 MP: 11/11
  8597 | D:8      | Noticed a two-headed ogre
  8603 | D:8      | Killed a two-headed ogre
  8861 | D:8      | Reached skill level 15 in Axes
  8863 | D:8      | Found Nuimait's Jewellery Shoppe.
  8865 | D:8      | Noticed a two-headed ogre
  8940 | D:8      | Killed a two-headed ogre
  8940 | D:8      | Reached skill level 5 in Shields
  9075 | D:8      | Found a staircase to the Lair.
  9189 | D:8      | Found Asuenut's Gadget Emporium.
  9317 | D:8      | Found Serurchoata's General Store.
  9325 | D:8      | Bought a +0 battleaxe for 84 gold pieces
  9589 | D:9      | Noticed Erica
  9638 | D:9      | Killed Erica
  9638 | D:9      | Reached XP level 11. HP: 60/60 MP: 12/12
  9859 | D:9      | Mangled by a yak

Skill      XL: |  1  2  3  4  5  6  7  8  9 10 11 |
---------------+----------------------------------+-----
Axes           | 4 6 7 8 9 12 14 15 | 15.7
Shields        | 1 5 |  5.3
Armour         | 3 4 |  4.3
Fighting       | 4 |  4.5
Dodging        | |  2.3

Action                   |  1- 3 |  4- 6 |  7- 9 | 10-12 || total
-------------------------+-------+-------+-------+-------++-------
Melee: Hand axe          |    71 |    61 |   464 |    56 ||   652
       Kick              |    14 |    18 |   186 |    55 ||   273
       Peck              |     5 |    10 |   102 |    40 ||   157
       War axe           |       |       |       |    45 ||    45
       Battleaxe         |       |       |       |    48 ||    48
Invok: Berserk           |     1 |     2 |     7 |     7 ||    17
       Trog's Hand       |     1 |     1 |     5 |     5 ||    12
  Use: Scroll            |       |       |     7 |     1 ||     8
       Potion            |       |       |       |     1 ||     1
 Stab: Sleeping          |     1 |       |       |       ||     1
  Eat: Chunk             |     2 |     6 |    16 |    14 ||    38
       Ration            |       |     2 |     2 |       ||     4
Armor: Animal skin       |    13 |     3 |       |       ||    16
       Ring mail         |       |    11 |    81 |    20 ||   112
Dodge: Dodged            |    66 |    27 |   170 |    50 ||   313
